 Dungeon Crawl Stone Soup version 0.20.1-1-g8b1a95d (webtiles) character file.

257 Kunitse the Cudgeler (level 6, -1/38 HPs)
             Began as a Kobold Berserker on Oct 4, 2017.
             Was a Believer of Trog.
             Killed by nerve-wracking pain
             ... invoked by a shadow imp
              (13 damage)
             ... on level 5 of the Dungeon.
             The game lasted 00:15:02 (2653 turns).

Kunitse the Cudgeler (Kobold Berserker)             Turns: 2653, Time: 00:15:06

Health: -1/38      AC: 12    Str: 16      XL:     6   Next: 39%
Magic:  6/6        EV:  5    Int:  7 (9)  God:    Trog [**....]
Gold:   135        SH:  8    Dex: 14      Spells: 5/5 levels left

rFire    . . .     SeeInvis .   a - +0 mace
rCold    . . .     Gourm    .   s - +0 shield
rNeg     . . .     Faith    .   f - +0 plate armour
rPois    .         Spirit   .   (no helmet)
rElec    .         Reflect  .   (no cloak)
rCorr    .         Harm     .   m - +0 pair of gloves
MR       .....                  (no boots)
Stlth    ..........             (no amulet)
Regen    0.2/turn               (no ring)
MPRegen  0.1/turn               (no ring)

@: no status effects
A: carnivore 3
a: Berserk, Trog's Hand, Burn Spellbooks, Renounce Religion


You were on level 5 of the Dungeon.
You worshipped Trog.
Trog was pleased with you.
You were very full.

You visited 1 branch of the dungeon, and saw 4 of its levels.

You collected 135 gold pieces.

Inventory:

Hand Weapons
 a - a +0 mace (weapon)
 e - a +0 dagger of holy wrath
 g - a +0 club
 u - the +5 rapier of Spite {flame, *Corrode +Blink rC+ Str+4, unknown}
   (You found it on level 5 of the Dungeon)

   It has been specially enchanted to burn those struck by it, causing extra
   injury to most foes and up to half again as much damage against particularly
   susceptible opponents.
   It affects your strength (+4).
   It protects you from cold.
   It lets you blink.
   It may corrode you when you take damage.
Missiles
 o - 5 tomahawks (quivered)
Armour
 b - a +0 animal skin
 f - a +0 plate armour (worn)
 h - a +0 scale mail of magic resistance
 l - a +0 scale mail
 m - a +0 pair of gloves (worn)
 s - a +0 shield (worn)
Jewellery
 v - an uncursed amulet of faith {unknown}
Scrolls
 j - a scroll of recharging {unknown}
 k - 2 scrolls of identify {unknown}
 n - a scroll of magic mapping {unknown}
 p - a scroll of blinking {unknown}
 q - a scroll of enchant armour {unknown}
 r - a scroll of immolation {unknown}
Potions
 i - a potion of degeneration
Comestibles
 c - 3 meat rations
 d - a royal jelly


   Skills:
 - Level 4.0 Fighting
 - Level 4.1 Maces & Flails
 + Level 3.2 Armour
 - Level 2.9 Dodging
 + Level 1.6 Shields


You had 5 spell levels left.
You didn't know any spells.

Dungeon Overview and Level Annotations

Branches:
Dungeon (3/15)

Altars:
Dithmenos
Kikubaaqudgha
Okawaru
Qazlal
Zin

Annotations:
D:5 Dowan


Innate Abilities, Weirdness & Mutations

You are small and have problems with some larger weapons.
You are carnivorous and can eat meat at any time.


Message History

You hit the shadow imp.
The shadow imp is lightly wounded.
You block the shadow imp's attack. The shadow imp completely misses you.
Your shield and plate armour prevent you from hitting the shadow imp.
The shadow imp is lightly wounded.
The shadow imp hits you.
You hit the shadow imp.
The shadow imp is moderately wounded.
The shadow imp hits you but does no damage.
You closely miss the shadow imp.
The shadow imp is moderately wounded.
The shadow imp hits you but does no damage.
The shadow imp barely misses you.
You hit the shadow imp.
The shadow imp is almost dead.
The orc priest invokes the aid of Beogh against you.
Beogh smites you! The shadow imp gestures at you.
Pain shoots through your body!
You die...

#.# #o.# #.# #..# #.#
#..# #.# #..# #.# #..#
#.# ###o.###### #.#
#..........
#.############o##.######
#..........@5oo# ##
#.############## ###


You could see an orc priest, an orc wizard, a shadow imp and an orc.

Vanquished Creatures
  Duvessa (D:5)
  A scorpion (D:5)
  A worker ant (D:3)
  2 adders
  2 worms (D:3)
  2 dart slugs
  A leopard gecko (D:2)
  2 giant cockroaches (D:3)
  2 goblins
  11 hobgoblins
  A quokka (D:3)
  2 ball pythons
  6 bats
  4 frilled lizards
  9 kobolds
  6 rats
53 creatures vanquished.

Notes
Turn   | Place    | Note
-------+----------+-------------------------------------------
     0 | D:1      | Kunitse the Kobold Berserker began the quest for the Orb.
     0 | D:1      | Reached XP level 1. HP: 14/14 MP: 1/1
   118 | D:1      | Reached XP level 2. HP: 18/19 MP: 2/2
   531 | D:1      | Reached XP level 3. HP: 22/23 MP: 3/3
   711 | D:2      | Reached ** piety under Trog
   851 | D:2      | Found a shadowy altar of Dithmenos.
   917 | D:2      | Found a faded altar of an unknown god.
   945 | D:2      | HP: 1/23 [adder (1)]
  1198 | D:3      | Reached XP level 4. HP: 27/28 MP: 4/4
  1771 | D:3      | Found an ancient bone altar of Kikubaaqudgha.
  1833 | D:3      | Found a stormy altar of Qazlal.
  1938 | D:3      | Found a glowing silver altar of Zin.
  2002 | D:3      | You fall through a shaft for 2 floors!
  2002 | D:5      | Entered Level 5 of the Dungeon
  2041 | D:5      | Reached XP level 5. HP: 17/33 MP: 5/5
  2471 | D:5      | Noticed Duvessa
  2471 | D:5      | Noticed Dowan
  2481 | D:5      | Found an iron altar of Okawaru.
  2548 | D:5      | Killed Duvessa
  2548 | D:5      | Reached skill level 1 in Shields
  2548 | D:5      | Reached XP level 6. HP: 14/38 MP: 6/6
  2596 | D:5      | Got a scorched rapier
  2653 | D:5      | Killed from afar by a shadow imp

Skill      XL: |  1  2  3  4  5 |
---------------+----------------+-----
Maces & Flails | 3 4 |  4.1
Armour         | 2 3 |  3.2
Fighting       | 4 |  4.0
Shields        | 1 |  1.6
Dodging        | |  2.9

Action                   |  1- 3 |  4- 6 || total
-------------------------+-------+-------++-------
Melee: Mace              |   122 |   130 ||   252
Invok: Trog's Hand       |     1 |     3 ||     4
  Use: Potion            |     3 |     1 ||     4
       Scroll            |     1 |       ||     1
  Eat: Chunk             |    10 |     4 ||    14
Armor: Animal skin       |     2 |       ||     2
       Scale mail        |    53 |    12 ||    65
       Plate armour      |       |    84 ||    84
       Skin              |       |    12 ||    12
Dodge: Dodged            |   116 |    65 ||   181
Block: Shield            |       |    27 ||    27
